Map: Vigía EE

Players

CacaSeca - Winner!

  • Race: Protoss Protoss
  • Spawn Location: 9:00

MrFercho

  • Race: Zerg Zerg
  • League: Silver
  • Spawn Location: 5:00

TATORREA

  • Race: Protoss Protoss
  • League: Silver
  • Spawn Location: 6:00

tigro

  • Race: Terran Terran
  • Spawn Location: 5:00

VOD

Have the link to the VOD?

Description

Time

  • Played on: May 4, 2020, 9:48 p.m.
  • Length: 30:13
Show
View Real Time Build Order
Export as new Build Order

CacaSeca Protoss - Winner!

Build Orders: Carriers 

Get SALT Encoding   

  12  0:01  Probe  
  13  0:13  Probe  
  14  0:19  Pylon  
  14  0:25  Probe  
  15  0:37  Probe  
  15  0:42  Gateway  
  16  0:47  Assimilator  
  16  0:49  Probe (Chrono Boost)  
  17  0:59  Probe (Chrono Boost)  
  18  1:04  Probe (Chrono Boost)  
  18  1:10  Forge  
  19  1:16  Probe  
  20  1:28  Probe  
  21  1:33  Cybernetics Core  
  21  1:43  Photon Cannon  
  21  1:55  Nexus  
  21  2:00  Probe  
  22  2:08  Assimilator  
  22  2:10  Pylon  
  22  2:13  Warp Gate  
  22  2:20  Probe  
  23  2:32  Probe  
  24  2:38  Twilight Council  
  24  2:42  Zealot  
  27  2:44  Probe  
  27  2:54  Gateway  
  27  2:56  Probe  
  28  3:08  Probe  
  29  3:16  Pylon  
  29  3:18  Probe  
  30  3:20  Charge, Probe  
  30  3:25  Zealot  
  30  3:26  Protoss Ground Weapons Level 1  
  33  3:31  Probe  
  33  3:32  Probe  
  35  3:43  Probe  
  36  3:50  Robotics Facility  
  36  3:51  Probe  
  36  3:52  Pylon  
  36  3:55  Probe  
  38  3:59  Photon Cannon  
  38  4:04  Photon Cannon  
  38  4:07  Shield Battery  
  38  4:12  Pylon  
  38  4:14  Probe x2  
  40  4:26  Probe x2  
  40  4:28  Assimilator  
  40  4:30  Pylon  
  42  4:31  Zealot  
  42  4:33  Zealot  
  46  4:38  Probe  
  46  4:39  Observer (Chrono Boost)  
  48  4:48  Pylon  
  48  4:50  Probe  
  48  4:51  Probe  
  48  4:52  Observer (Chrono Boost)  
  50  4:54  Assimilator  
  51  5:02  Probe  
  51  5:03  Probe  
  53  5:12  Zealot  
  53  5:14  Probe, Nexus  
  55  5:15  Probe  
  55  5:17  Observer  
  58  5:26  Probe  
  58  5:28  Probe, Zealot  
  62  5:35  Protoss Ground Weapons Level 2 (Chrono Boost)  
  62  5:38  Probe  
  62  5:40  Probe  
  62  5:42  Forge  
  64  5:47  Pylon, Zealot  
  64  5:48  Observer  
  66  6:00  Probe  
  66  6:01  Probe  
  66  6:02  Zealot  
  70  6:04  Immortal  
  74  6:20  Zealot  
  76  6:25  Pylon  
  76  6:26  Pylon, Probe x2  
  76  6:30  Pylon  
  78  6:32  Zealot  
  78  6:33  Pylon  
  80  6:45  Zealot  
  80  6:46  Immortal  
  86  6:55  Photon Cannon  
  86  6:56  Probe x2  
  86  6:58  Assimilator, Photon Cannon  
  86  6:59  Assimilator  
  86  7:01  Pylon  
  88  7:05  Stargate x2  
  88  7:07  Stargate  
  88  7:25  Zealot  
  88  7:26  Observer, Zealot  
  93  7:41  Probe x2  
  93  7:43  Probe  
  96  7:47  Immortal  
  96  7:49  Stalker x2  
  100  7:53  Probe  
  100  7:59  Nexus  
  87  8:06  Probe x2 (Chrono Boost)  
  88  8:17  Probe (Chrono Boost)  
  88  8:18  Probe x2 (Chrono Boost)  
  90  8:23  Probe (Chrono Boost)  
  90  8:25  Probe (Chrono Boost)  
  92  8:30  Phoenix x3, Probe  
  92  8:32  Probe (Chrono Boost)  
  100  8:40  Observer  
  100  8:41  Probe (Chrono Boost)  
  102  8:44  Probe x2 (Chrono Boost)  
  104  8:51  Probe (Chrono Boost)  
  103  9:02  Phoenix x3, Probe  
  109  9:04  Probe  
  109  9:06  Probe  
  111  9:13  Pylon  
  111  9:17  Pylon  
  111  9:20  Protoss Ground Weapons Level 3 (Chrono Boost), Gateway x2  
  111  9:21  Protoss Shields Level 1 (Chrono Boost)  
  111  9:22  Gateway  
  111  9:23  Gateway, Observer  
  112  9:24  Gateway  
  112  9:25  Pylon  
  112  9:26  Pylon  
  112  9:28  Gateway  
  112  9:33  Pylon  
  112  9:37  Probe x4  
  116  9:41  Stalker x2  
  120  9:49  Probe x3  
  120  9:50  Phoenix x2  
  127  10:02  Phoenix  
  129  10:07  Zealot x2  
  133  10:15  Phoenix x2, Zealot x2  
  133  10:17  Stalker  
  133  10:18  Stalker  
  133  10:21  Stalker  
  145  10:35  Immortal  
  142  10:37  Probe x3  
  142  10:41  Phoenix  
  142  10:42  Phoenix  
  146  10:49  Probe x3  
  148  10:52  Probe  
  148  10:54  Phoenix  
  150  11:00  Stalker  
  150  11:01  Probe x2  
  150  11:02  Probe  
  150  11:04  Probe  
  156  11:07  Protoss Air Weapons Level 1 (Chrono Boost)  
  156  11:13  Probe x2  
  156  11:15  Probe  
  156  11:16  Probe  
  160  11:18  Phoenix  
  160  11:19  Phoenix  
  160  11:24  Phoenix  
  166  11:25  Probe  
  166  11:31  Probe x3  
  170  11:38  Probe  
  171  11:44  Probe x3  
  171  11:45  Phoenix x2  
  178  11:48  Immortal  
  178  11:50  Probe  
  178  11:53  Assimilator  
  183  11:58  Assimilator  
  169  12:22  Zealot x2  
  143  12:23  Stalker x6  
  143  12:29  Phoenix x3  
  155  12:47  Probe x3  
  158  12:54  Phoenix x3  
  158  12:55  Zealot x2  
  158  12:56  Stalker, Zealot x3  
  158  12:58  Nexus  
  176  13:00  Pylon  
  176  13:01  Pylon  
  176  13:02  Probe x3  
  176  13:03  Protoss Shields Level 2 (Chrono Boost)  
  176  13:04  Observer  
  180  13:14  Fleet Beacon  
  180  13:17  Gateway  
  180  13:23  Probe x3  
  180  13:24  Phoenix  
  180  13:25  Phoenix  
  187  13:28  Phoenix  
  164  13:53  Zealot x4  
  164  13:54  Zealot x4  
  170  14:01  Phoenix x3  
  176  14:08  Probe x4  
  180  14:20  Probe x2  
  178  14:28  Phoenix x2  
  180  14:42  Probe x2  
  180  14:43  Assimilator  
  180  14:44  Assimilator, Phoenix  
  184  14:45  Zealot  
  184  14:46  Zealot x5  
  184  14:47  Stalker, Zealot  
  190  15:14  Zealot x3  
  190  15:15  Zealot x2  
  200  15:35  Photon Cannon  
  200  15:38  Nexus  
  200  15:39  Photon Cannon, Pylon  
  200  15:41  Pylon  
  200  15:43  Pylon  
  200  15:44  Pylon  
  172  16:32  Stalker  
  172  16:33  Stalker x7  
  172  16:34  Stalker  
  169  16:59  Zealot x4  
  169  17:00  Stalker x4  
  179  17:01  Carrier  
  179  17:03  Carrier x2  
  197  17:17  Nexus  
  197  17:19  Pylon  
  187  17:48  Assimilator  
  187  17:49  Assimilator, Nexus  
  179  17:52  Pylon x2  
  179  17:55  Pylon  
  175  18:00  Pylon  
  175  18:04  Zealot x4  
  175  18:05  Stalker x3  
  189  18:06  Carrier  
  177  18:20  Protoss Shields Level 3 (Chrono Boost)  
  177  18:21  Carrier x2  
  189  18:34  Protoss Air Weapons Level 2 (Chrono Boost)  
  189  18:37  Assimilator  
  189  18:40  Assimilator  
  187  19:05  Pylon  
  187  19:08  Pylon  
  187  19:10  Photon Cannon, Carrier  
  187  19:12  Photon Cannon  
  187  19:13  Photon Cannon  
  187  19:16  Photon Cannon  
  193  19:18  Photon Cannon  
  193  19:20  Photon Cannon  
  193  19:26  Photon Cannon  
  193  19:27  Photon Cannon  
  193  19:31  Photon Cannon  
  193  19:34  Photon Cannon  
  193  19:36  Photon Cannon  
  193  19:37  Photon Cannon  
  193  19:39  Photon Cannon  
  193  19:41  Photon Cannon  
  193  19:45  Carrier  
  199  19:46  Photon Cannon  
  199  19:50  Photon Cannon  
  199  19:52  Nexus  
  199  19:54  Pylon x2  
  199  19:58  Pylon  
  199  20:03  Pylon  
  199  20:05  Photon Cannon  
  199  20:07  Photon Cannon  
  199  20:10  Photon Cannon x2  
  199  20:11  Photon Cannon  
  199  20:14  Shield Battery  
  199  20:17  Shield Battery  
  199  20:24  Stargate  
  199  20:25  Stargate  
  199  20:26  Stargate  
  199  20:28  Stargate  
  199  20:33  Observer  
  199  21:02  Protoss Air Weapons Level 3 (Chrono Boost)  
  184  21:31  Carrier x2  
  196  21:44  Photon Cannon  
  196  21:47  Photon Cannon  
  196  21:50  Photon Cannon  
  196  21:53  Protoss Ground Armor Level 1  
  196  21:54  Photon Cannon  
  196  21:56  Photon Cannon  
  196  21:58  Photon Cannon  
  196  21:59  Photon Cannon  
  196  22:01  Photon Cannon  
  196  22:04  Photon Cannon  
  196  22:12  Assimilator  
  190  22:16  Assimilator  
  182  22:23  Carrier  
  182  22:32  Carrier  
  182  22:33  Carrier  
  182  22:34  Carrier  
  182  22:35  Carrier  
  196  23:10  Zealot x2  
  192  24:11  Zealot x2  
  192  24:12  Zealot x3  
  194  24:52  Cybernetics Core  
  194  24:57  Carrier  
  196  25:40  Zealot x2  
  200  25:46  Nexus  
  200  25:49  Pylon  
  200  25:50  Pylon  
  200  25:52  Pylon  
  200  25:55  Pylon  
  196  25:58  Pylon  
  196  26:03  Pylon  
  196  26:28  Zealot x2  
  187  27:09  Zealot  
  187  27:10  Zealot x3  
  187  27:11  Zealot x2  
  187  27:14  Assimilator  
  187  27:15  Photon Cannon  
  199  27:16  Photon Cannon  
  199  27:18  Assimilator, Photon Cannon  
  199  27:20  Photon Cannon  
  199  27:21  Photon Cannon  
  199  27:23  Photon Cannon  
  199  27:25  Photon Cannon  
  199  27:27  Photon Cannon  
  199  27:30  Photon Cannon  
  199  27:32  Photon Cannon  
Show
View Real Time Build Order
Export as new Build Order

MrFercho Zerg 

Build Orders: Hatch First 

Get SALT Encoding   

  12  0:05  Drone  
  13  0:19  Drone  
  13  0:21  Overlord  
  14  0:47  Drone x2  
  14  0:48  Drone  
  17  0:58  Extractor  
  16  1:06  Hatchery  
  15  1:14  Spawning Pool  
  15  1:18  Drone x2  
  16  1:24  Drone  
  17  1:31  Extractor  
  17  1:32  Drone  
  17  1:50  Drone  
  18  2:04  Drone  
  18  2:05  Drone  
  20  2:13  Queen  
  22  2:27  Drone  
  22  2:28  Drone x2  
  25  3:03  Overlord x2  
  25  3:04  Overlord  
  25  3:11  Hatchery  
  24  3:13  Hatchery  
  23  3:23  Metabolic Boost  
  23  3:26  Lair  
  23  3:31  Pneumatized Carapace  
  23  3:46  Roach Warren  
  22  3:51  Drone x3  
  22  3:52  Drone x2  
  27  4:29  Drone  
  28  4:42  Drone  
  28  4:43  Drone x5  
  28  4:44  Drone x4  
  38  4:57  Hatchery  
  37  5:04  Extractor  
  37  5:05  Extractor  
  35  5:08  Drone x3  
  38  5:29  Drone x4  
  38  5:30  Drone x5  
  47  5:36  Extractor x2  
  45  5:45  Hatchery  
  44  5:53  Drone  
  44  5:54  Drone x5  
  50  6:01  Drone x3  
  53  6:26  Hatchery  
  53  6:31  Hatchery  
  51  6:33  Drone x3  
  54  6:51  Drone x12  
  66  6:57  Overlord x2  
  66  7:16  Glial Reconstitution  
  66  7:25  Infestation Pit  
  46  8:02  Roach  
  46  8:03  Roach x14  
  46  8:04  Roach x8  
  92  8:34  Tunneling Claws  
  92  9:03  Ravager x3  
  95  9:20  Baneling Nest  
  95  9:23  Drone x4  
  98  9:26  Overlord x4  
  98  9:27  Overlord  
  51  10:46  Centrifical Hooks  
  51  10:51  Zergling x16  
  51  10:52  Zergling x26  
  72  11:10  Evolution Chamber  
  71  11:14  Evolution Chamber  
  71  11:17  Evolution Chamber  
  69  11:23  Baneling  
  69  11:24  Baneling x15  
  69  11:25  Baneling x25  
  69  11:26  Baneling  
  48  12:30  Zergling x2  
  48  12:31  Zergling x40  
  69  12:50  Zerg Melee Weapons Level 1, Zerg Ground Armor Level 1, Zerg Missile Weapons Level 1  
  69  12:54  Burrow  
  69  13:00  Baneling  
  69  13:01  Baneling x20  
  69  13:02  Baneling x21  
  69  13:36  Roach x12  
  69  13:37  Roach x9  
  90  13:57  Queen x2  
  90  13:58  Queen  
  96  14:10  Zergling x2  
  96  14:11  Zergling x32  
  113  14:20  Ravager x2  
  115  14:46  Roach x17  
  77  15:22  Zergling x2  
  77  15:23  Zergling x36  
  77  15:24  Zergling x4  
  98  15:56  Baneling x2  
  98  15:57  Baneling x25  
  98  15:58  Baneling x9  
  98  16:07  Hatchery  
  59  17:22  Spire  
  58  17:25  Zerg Missile Weapons Level 2, Zerg Ground Armor Level 2, Zerg Melee Weapons Level 2  
  58  17:34  Drone x2  
  54  18:00  Hydralisk Den  
  54  18:01  Hive  
  51  18:19  Drone x3  
  54  18:47  Lurker Den  
  53  19:06  Mutalisk  
  53  19:07  Mutalisk x13  
  81  19:39  Adrenal Glands  
  81  19:54  Extractor  
  81  19:55  Extractor  
  79  20:03  Mutalisk  
  79  20:04  Mutalisk  
  83  20:12  Zergling x6  
  83  20:13  Zergling x32  
  102  20:20  Drone x3  
  105  20:32  Drone  
  85  21:14  Corruptor  
  85  21:15  Corruptor x6  
  69  21:43  Hydralisk x5  
  55  22:38  Corruptor  
  55  22:39  Corruptor x4  
  63  23:25  Overseer  
  61  23:34  Spore Crawler  
  61  23:35  Spore Crawler  
  61  23:37  Spore Crawler  
  61  23:38  Spore Crawler  
  61  23:39  Spore Crawler  
  61  23:40  Spore Crawler  
  61  23:41  Spore Crawler x2  
  50  23:42  Spore Crawler  
  50  23:43  Spore Crawler  
  50  23:46  Spore Crawler  
Show
View Real Time Build Order
Export as new Build Order

TATORREA Protoss 

Build Orders:  

Get SALT Encoding   

  12  0:12  Probe  
  13  0:24  Probe  
  14  0:37  Probe  
  15  1:39  Pylon  
  15  1:43  Pylon  
  15  1:47  Pylon  
  15  1:51  Pylon  
  15  1:56  Assimilator  
  15  1:57  Probe  
  15  2:01  Assimilator  
  16  2:09  Probe  
  17  2:21  Probe  
  18  2:24  Gateway  
  18  2:25  Gateway  
  18  2:28  Gateway  
  18  2:29  Gateway  
  18  2:33  Probe  
  19  2:45  Probe  
  20  2:57  Probe  
  21  3:09  Probe  
  21  3:11  Gateway  
  22  3:15  Cybernetics Core  
  22  3:16  Zealot  
  22  3:17  Zealot x2  
  22  3:18  Zealot  
  30  3:21  Probe  
  31  4:05  Stargate  
  31  4:10  Twilight Council  
  31  4:13  Robotics Facility  
  31  4:22  Probe  
  32  4:27  Nexus  
  32  4:34  Probe  
  32  4:36  Stalker  
  32  4:37  Stalker  
  37  4:46  Probe, Zealot  
  37  4:51  Zealot  
  42  4:58  Probe  
  43  5:00  Stalker  
  45  5:10  Probe  
  46  5:26  Pylon  
  46  5:30  Pylon  
  46  5:37  Robotics Bay  
  46  5:38  Oracle  
  49  5:42  Assimilator  
  49  5:48  Assimilator  
  49  6:06  Forge  
  49  6:10  Probe  
  50  6:13  Probe  
  50  6:15  Oracle  
  54  6:22  Probe  
  54  6:25  Probe  
  56  6:34  Probe  
  56  6:37  Probe  
  56  6:38  Extended Thermal Lance  
  58  6:46  Probe  
  59  6:53  Void Ray  
  63  6:58  Probe  
  63  7:00  Protoss Ground Weapons Level 1  
  58  8:28  Oracle  
  61  8:47  Colossus  
  67  8:49  Nexus  
  67  8:53  Assimilator x2  
  67  8:57  Stalker  
  67  9:00  Stalker  
  67  9:02  Stalker  
  73  9:04  Stalker x2  
  73  9:09  Warp Gate  
  77  9:15  Probe  
  78  9:43  Pylon  
  78  9:46  Pylon  
  78  9:50  Pylon, Protoss Ground Weapons Level 2  
  78  10:00  Colossus  
  78  10:01  Void Ray, Probe x2  
  78  10:06  Pylon  
  90  10:13  Probe x2  
  92  10:25  Probe x2  
  94  10:37  Probe  
  95  10:43  Void Ray  
  96  11:02  Probe  
  97  11:06  Probe  
  97  11:10  Colossus  
  104  11:15  Probe  
  104  11:17  Stalker  
  104  11:18  Stalker  
  109  11:19  Stalker x2  
  109  11:20  Stalker  
  115  11:26  Void Ray  
  115  11:27  Probe  
  120  11:37  Protoss Air Weapons Level 1  
  102  12:09  Void Ray  
  97  12:24  Protoss Ground Armor Level 1  
  51  12:50  Probe  
  40  12:52  Void Ray  
  40  12:53  Probe  
  45  13:00  Stalker x2  
  45  13:01  Stalker  
  45  13:02  Probe  
  52  13:05  Probe  
  52  13:11  Stalker x2  
  57  13:14  Probe  
  57  13:17  Probe  
  59  13:23  Colossus  
  59  13:27  Probe  
  66  13:30  Probe  
  67  13:35  Void Ray  
  67  13:37  Probe  
  67  13:39  Probe  
  73  13:42  Probe  
  73  13:46  Protoss Air Armor Level 1  
  74  13:49  Probe  
  74  13:54  Probe  
  76  14:01  Probe  
  77  14:13  Probe  
  78  14:19  Colossus  
  78  14:21  Void Ray  
  88  14:25  Probe  
  89  14:32  Protoss Shields Level 1  
  89  15:04  Void Ray  
  93  15:13  Colossus  
  99  15:25  Stalker x2  
  99  15:26  Stalker x2  
  99  15:28  Stalker  
  109  15:41  Pylon  
  109  15:45  Pylon  
  109  15:49  Pylon  
  109  15:54  Pylon  
  99  15:58  Pylon  
  99  16:02  Pylon  
  88  16:05  Pylon  
  88  16:06  Colossus  
  88  16:11  Pylon  
  72  16:16  Pylon  
  54  16:27  Void Ray  
  54  16:32  Stalker x2  
  60  16:33  Stalker x2  
  60  16:36  Probe  
  67  16:47  Probe  
  67  16:48  Probe  
  69  16:59  Probe  
  69  17:00  Probe  
  71  17:11  Probe  
  71  17:13  Probe  
  73  17:23  Probe  
  73  17:25  Probe  
  75  17:35  Void Ray, Probe  
  81  17:37  Colossus, Probe  
  87  17:49  Probe  
  50  18:09  Protoss Ground Weapons Level 3  
  50  18:15  Stalker x2  
  50  18:16  Stalker  
  50  18:17  Stalker  
  50  18:18  Stalker  
  60  18:20  Void Ray  
  64  18:29  Probe  
  65  18:41  Probe  
  66  18:53  Probe  
  67  19:09  Colossus  
  67  19:13  Void Ray  
  77  19:56  Void Ray  
  81  20:03  Colossus  
  87  20:39  Void Ray  
  71  20:56  Colossus  
  77  21:08  Protoss Ground Armor Level 2  
  77  21:21  Void Ray  
  81  21:32  Nexus  
  81  21:33  Assimilator  
  81  21:36  Assimilator  
  81  21:50  Colossus  
  87  21:54  Fleet Beacon  
  87  21:59  Pylon  
  87  22:02  Pylon  
  87  22:04  Phoenix  
  87  22:07  Gateway  
  89  22:09  Gateway  
  89  22:15  Charge (Chrono Boost)  
  89  22:17  Gateway  
  89  22:20  Gateway  
  89  22:23  Gateway  
  89  22:27  Gateway  
  89  22:29  Phoenix, Zealot  
  93  22:30  Gateway, Zealot x3  
  93  22:31  Zealot  
  89  22:43  Colossus  
  58  22:54  Phoenix  
  48  23:04  Zealot  
  44  23:06  Zealot  
  44  23:07  Zealot x2  
  44  23:09  Zealot  
  44  23:12  Zealot  
  42  23:15  Zealot  
  42  23:17  Zealot  
  45  23:21  Zealot  
  34  23:41  Zealot  
  34  23:42  Zealot  
  34  23:47  Zealot  
  40  23:51  Zealot x3  
  40  23:52  Zealot  
  40  23:53  Zealot  
  50  23:56  Zealot  
  47  24:10  Zealot  
  47  24:11  Zealot  
  47  24:12  Zealot  
  47  24:13  Zealot  
  55  24:30  Probe  
Show
View Real Time Build Order
Export as new Build Order

tigro Terran 

Build Orders:  

Get SALT Encoding   

  12  0:04  SCV  
  13  0:16  SCV  
  14  0:22  Supply Depot  
  14  0:28  SCV  
  15  0:38  Refinery  
  15  0:44  SCV  
  16  0:56  SCV  
  17  1:06  Barracks  
  17  1:08  SCV  
  18  1:20  SCV  
  18  1:23  Refinery  
  19  1:32  SCV  
  20  1:43  Supply Depot  
  20  1:44  SCV  
  21  1:55  Marine  
  21  1:56  SCV  
  23  2:09  SCV  
  23  2:12  Engineering Bay  
  23  2:13  Marine  
  25  2:29  SCV  
  26  2:31  Marine  
  27  2:42  Command Center  
  27  2:49  Marine  
  28  2:58  Barracks  
  28  3:07  Marine  
  28  3:09  Orbital Command  
  29  3:43  Barracks Tech Lab  
  29  3:45  Terran Infantry Weapons Level 1  
  29  3:51  Barracks Tech Lab  
  29  3:59  Planetary Fortress  
  29  4:14  Missile Turret  
  29  4:19  Refinery  
  29  4:32  Marauder  
  29  4:34  Missile Turret  
  31  4:40  SCV  
  32  4:52  SCV  
  33  4:54  Marauder  
  33  4:55  Missile Turret  
  33  4:59  Combat Shield  
  35  5:02  Stimpack  
  35  5:04  SCV  
  36  5:15  Marauder  
  38  5:23  Refinery  
  38  5:27  SCV  
  39  5:39  Terran Infantry Armor Level 1, SCV  
  40  5:50  Missile Turret  
  40  5:51  SCV  
  41  6:03  SCV  
  42  6:13  Factory  
  42  6:14  Missile Turret  
  42  6:15  SCV  
  43  6:22  Concussive Shells  
  43  6:36  Missile Turret  
  43  6:42  SCV  
  44  6:56  Missile Turret  
  44  7:00  Marine  
  45  7:02  Supply Depot  
  45  7:03  Marine  
  46  7:18  Marine  
  46  7:19  Missile Turret  
  46  7:21  Marine  
  48  7:28  Starport  
  48  7:33  Neosteel Armor  
  48  7:36  Marine  
  49  7:39  Marine  
  49  7:41  Missile Turret  
  50  7:53  Factory Tech Lab  
  50  7:54  Marine  
  50  7:56  Marine  
  52  8:01  Missile Turret  
  52  8:11  Marine  
  51  8:14  Marine  
  39  8:32  Siege Tank  
  41  8:48  Marauder  
  41  8:50  Marine  
  39  9:04  Siege Tank  
  39  9:07  Marine  
  39  9:09  Marauder  
  45  9:13  Hi-Sec Auto Tracking  
  45  9:21  Starport Tech Lab  
  45  9:25  Marine  
  45  9:31  Marauder  
  48  9:33  Armory  
  48  9:36  Siege Tank  
  51  9:43  Marine  
  52  9:49  Fusion Core  
  52  9:52  Marauder  
  54  10:01  Marine  
  55  10:08  Siege Tank  
  55  10:14  Marauder  
  60  10:19  Marine  
  61  10:36  Starport  
  61  10:37  Marine  
  61  10:40  Siege Tank  
  65  10:54  Marine  
  66  11:12  Marine  
  66  11:13  Missile Turret  
  67  11:56  Missile Turret  
  67  12:16  Marine  
  67  12:19  Marine, Missile Turret  
  75  12:22  Battlecruiser  
  75  12:28  Starport Tech Lab  
  75  12:34  Marine  
  76  12:37  Marine  
  77  12:48  Missile Turret  
  77  12:52  Marine  
  77  12:58  Missile Turret  
  78  13:20  Missile Turret  
  78  13:30  Missile Turret  
  78  13:41  Supply Depot  
  78  13:42  Missile Turret  
  78  13:59  Missile Turret  
  78  14:02  Marine x2  
  78  14:03  Battlecruiser  
  78  14:09  Supply Depot, Missile Turret  
  86  14:19  Missile Turret  
  86  14:20  Marine x2  
  83  14:30  Missile Turret  
  80  14:37  Supply Depot  
  80  14:38  Marine  
  74  14:41  Missile Turret  
  75  14:52  Missile Turret  
  75  14:56  Battlecruiser  
  81  15:07  Battlecruiser  
  87  15:27  Command Center, Missile Turret  
  87  15:51  Missile Turret  
  87  16:01  Battlecruiser  
  93  16:11  Battlecruiser  
  81  16:44  Planetary Fortress  
  81  17:05  Battlecruiser  
  87  17:19  Refinery  
  87  17:22  Missile Turret  
  87  17:27  Weapon Refit  
  87  17:40  Refinery  
  87  17:42  Missile Turret  
  55  18:04  Missile Turret  
  43  18:23  Missile Turret  
  43  18:51  Missile Turret  
  43  19:07  Rapid Reignition System  
  43  19:13  Missile Turret  
  43  19:18  SCV  
  44  19:26  Battlecruiser  
  44  19:30  SCV  
  51  19:35  Missile Turret  
  51  19:42  SCV  
  52  19:48  Battlecruiser  
  58  19:54  SCV  
  58  19:59  Supply Depot  
  59  20:03  Advanced Ballistics  
  59  20:07  SCV  
  60  20:10  Missile Turret  
  60  20:30  Battlecruiser  
  60  20:34  Missile Turret  
  66  20:52  Battlecruiser  
  54  21:35  Battlecruiser  
  60  21:56  Battlecruiser  
  48  22:38  Marine  
  48  22:39  Battlecruiser  
  48  22:42  Thor  
  56  22:56  Marine  
  54  23:00  Battlecruiser  
  53  23:14  Marine  
  53  23:15  Marine  
  55  23:32  Marine  
  55  23:33  Marine  
  49  23:43  Battlecruiser  
  49  23:50  Marine  
  49  23:51  Marine  
  48  24:04  Battlecruiser  
  48  24:08  Marine  
  48  24:09  Marine  
  42  24:26  Marine x2  
  42  24:44  Marine x2  
  44  24:47  Battlecruiser  
  48  25:02  Marine x2  
  50  25:20  Marine x2  
  52  25:22  Thor  
Tags
 
Add a new tag
Caveats
  • Supply blocks, unpowered buildings, or Contaminate may cause inaccurate times.
  • Supply counts are checked every 10 seconds.